TOP OF THE 1ST |
St. Louis Cardinals batting - Pitching for Milwaukee Brewers : RHP Cody Autry
|
Pitching: RHP Cody Autry
|
|
Batting: LHB Zack Berney
|
0-0: Ground out 6-3 (Groundball, 4M, EV 81.3 MPH)
|
Batting: RHB Pavpv Ivanushkin
|
0-0: Ball 1-0: Ball 2-0: Ground out 5-3 (Groundball, 56S, EV 85.0 MPH)
|
Batting: SHB Antoine Roux
|
0-0: Ball 1-0: Called Strike 1-1: Foul Ball, location: 2F 1-2: Foul Ball, location: 2F 1-2: Ground out 6-3 (Groundball, 6MD, EV 94.4 MPH)
|
Top of the 1st over - 0 runs, 0 hits, 0 errors, 0 left on base; St. Louis 0 - Milwaukee 0 |
BOTTOM OF THE 1ST |
Milwaukee Brewers batting - Pitching for St. Louis Cardinals : RHP Geoff Mooney
|
Pitching: RHP Geoff Mooney
|
|
Batting: RHB Daniel Donovan
|
0-0: Called Strike 0-1: Swinging Strike 0-2: Fly out, F8 (Line Drive, 8RD, EV 90.6 MPH)
|
Batting: RHB Adrian Rudkilde
|
0-0: Ball 1-0: Fly out, F5 (Flyball, 5D, EV 91.9 MPH)
|
Batting: RHB Bobby Muniz
|
0-0: Called Strike 0-1: Ball 1-1: Swinging Strike 1-2: Fly out, F9 (Flyball, 9LS, EV 89.4 MPH)
|
Bottom of the 1st over - 0 runs, 0 hits, 0 errors, 0 left on base; St. Louis 0 - Milwaukee 0 |
TOP OF THE 2ND |
St. Louis Cardinals batting - Pitching for Milwaukee Brewers : RHP Cody Autry
|
Batting: LHB John Blair
|
0-0: Foul Ball, location: 2F 0-1: Foul Ball, location: 2F 0-2: Ball 1-2: Strikes out looking
|
Batting: LHB Tommy Luce
|
0-0: Foul Ball, location: 2F 0-1: Ball 1-1: Ball 2-1: Ball 3-1: SOLO HOME RUN (Flyball, 9D, EV 101.3 MPH), Distance : 398 ft
|
Batting: RHB Bobby Scholl
|
0-0: Ball 1-0: Swinging Strike 1-1: Ball 2-1: Fly out, F8 (Flyball, 78D, EV 81.3 MPH)
|
Batting: LHB Ben Rubenacker
|
0-0: Called Strike 0-1: Called Strike 0-2: Foul Ball, location: 2F 0-2: Ball 1-2: Foul Ball, location: 2F 1-2: Ball 2-2: Foul Ball, location: 2F 2-2: Ground out U3 (Groundball, 34, EV 81.9 MPH)
|
Top of the 2nd over - 1 run, 1 hit, 0 errors, 0 left on base; St. Louis 1 - Milwaukee 0 |
BOTTOM OF THE 2ND |
Milwaukee Brewers batting - Pitching for St. Louis Cardinals : RHP Geoff Mooney
|
Batting: LHB Jeff Taylor
|
0-0: Ball 1-0: Foul Ball, location: 2F 1-1: Foul Ball, location: 2F 1-2: Foul Ball, location: 2F 1-2: Ball 2-2: Ball 3-2: Base on Balls
|
Batting: SHB Jean-François Bernard
|
0-0: Grounds into double play, 4-6-3 (Groundball, 4, EV 101.9 MPH)
|
Batting: RHB Emilio Gallegos
|
0-0: Called Strike 0-1: Swinging Strike 0-2: Ball 1-2: Ball 2-2: Reached on error, E3 (Groundball, 34S, EV 88.8 MPH)
|
Batting: LHB Jeremy Kuiper
|
0-0: Ball 1-0: Ball 2-0: Called Strike 2-1: Called Strike 2-2: Foul Ball, location: 2F 2-2: Ground out 5-3 (Groundball, 5S, EV 66.3 MPH)
|
Bottom of the 2nd over - 0 runs, 0 hits, 1 error, 1 left on base; St. Louis 1 - Milwaukee 0 |
TOP OF THE 3RD |
St. Louis Cardinals batting - Pitching for Milwaukee Brewers : RHP Cody Autry
|
Batting: RHB Sergio Godinez
|
0-0: Fly out, F4 (Popup, 13, EV 80.6 MPH)
|
Batting: RHB Dustin Clark
|
0-0: Called Strike 0-1: Called Strike 0-2: Ball 1-2: Strikes out looking
|
Batting: LHB Zack Berney
|
0-0: Ball 1-0: Ball 2-0: Ball 3-0: Called Strike 3-1: Foul Ball, location: 2F 3-2: Base on Balls
|
Batting: RHB Pavpv Ivanushkin
|
0-0: Ball 1-0: Swinging Strike 1-1: Ball 2-1: Foul Ball, location: 2F 2-2: Ball 3-2: Strikes out looking
|
Top of the 3rd over - 0 runs, 0 hits, 0 errors, 1 left on base; St. Louis 1 - Milwaukee 0 |
BOTTOM OF THE 3RD |
Milwaukee Brewers batting - Pitching for St. Louis Cardinals : RHP Geoff Mooney
|
Batting: RHB Yuichi Matsuoka
|
0-0: Ball 1-0: Bunted foul 1-1: Ball 2-1: Called Strike 2-2: SOLO HOME RUN (Flyball, 89XD, EV 102.5 MPH) (Inside the Park)
|
Batting: RHB Kisho Ito
|
0-0: Ball 1-0: Fly out, F6 (Line Drive, 6, EV 65.0 MPH)
|
Batting: RHB Daniel Donovan
|
0-0: Foul Ball, location: 2F 0-1: Ball 1-1: Ground out 5-3 (Groundball, 56, EV 105.0 MPH)
|
Batting: RHB Adrian Rudkilde
|
0-0: Foul Ball, location: 2F 0-1: Ball 1-1: Swinging Strike 1-2: Ball 2-2: Foul Ball, location: 2F 2-2: Ball 3-2: SINGLE (Groundball, 56, EV 95.6 MPH) (infield hit)
|
Batting: RHB Bobby Muniz
|
0-0: Called Strike 0-1: Foul Ball, location: 2F 0-2: Ball 1-2: DOUBLE (Line Drive, 78D, EV 112.5 MPH) Adrian Rudkilde to third Runner from 3rd tries for Home, SAFE, no throw by CF
|
Batting: LHB Jeff Taylor
|
0-0: Ball 1-0: DOUBLE (Flyball, 78XD, EV 105.6 MPH) Bobby Muniz scores
|
Batting: SHB Jean-François Bernard
|
0-0: Ball 1-0: Swinging Strike 1-1: Foul Ball, location: 2F 1-2: SINGLE (Line Drive, 3D, EV 97.5 MPH) Jeff Taylor to third
|
Batting: RHB Emilio Gallegos
|
0-0: Ball 1-0: Foul Ball, location: 2F 1-1: DOUBLE (Line Drive, 5D, EV 110.0 MPH) Jeff Taylor scores Jean-François Bernard to third
|
Batting: LHB Jeremy Kuiper
|
0-0: Ball 1-0: Called Strike 1-1: Foul Ball, location: 2F 1-2: Ball 2-2: Ball 3-2: Base on Balls
|
Batting: RHB Yuichi Matsuoka
|
0-0: Swinging Strike 0-1: Ball 1-1: Called Strike 1-2: Strikes out swinging
|
Bottom of the 3rd over - 4 runs, 6 hits, 0 errors, 3 left on base; St. Louis 1 - Milwaukee 4 |
TOP OF THE 4TH |
St. Louis Cardinals batting - Pitching for Milwaukee Brewers : RHP Cody Autry
|
Batting: SHB Antoine Roux
|
0-0: Called Strike 0-1: Called Strike 0-2: Ball 1-2: Fly out, F7 (Flyball, 78D, EV 96.3 MPH)
|
Batting: LHB John Blair
|
0-0: Called Strike 0-1: Foul Ball, location: 2F 0-2: Ball 1-2: Strikes out swinging
|
Batting: LHB Tommy Luce
|
0-0: Called Strike 0-1: Ball 1-1: Ball 2-1: Foul Ball, location: 2F 2-2: Strikes out swinging
|
Top of the 4th over - 0 runs, 0 hits, 0 errors, 0 left on base; St. Louis 1 - Milwaukee 4 |
BOTTOM OF THE 4TH |
Milwaukee Brewers batting - Pitching for St. Louis Cardinals : RHP Geoff Mooney
|
Batting: RHB Kisho Ito
|
0-0: Ball 1-0: Called Strike 1-1: Ball 2-1: Ground out 1-3 (Groundball, 13S, EV 68.8 MPH)
|
Batting: RHB Daniel Donovan
|
0-0: Called Strike 0-1: SINGLE (Line Drive, 4M, EV 98.8 MPH)
|
Batting: RHB Adrian Rudkilde
|
0-0: Ball 1-0: Called Strike 1-1: Ball 2-1: Foul Ball, location: 2F 2-2: Fly out, F8 (Line Drive, 8LM, EV 92.5 MPH)
|
Batting: RHB Bobby Muniz
|
0-0: Fielders Choice at 2nd, 5-4 (Groundball, 56, EV 87.5 MPH)
|
Bottom of the 4th over - 0 runs, 1 hit, 0 errors, 1 left on base; St. Louis 1 - Milwaukee 4 |
TOP OF THE 5TH |
St. Louis Cardinals batting - Pitching for Milwaukee Brewers : RHP Cody Autry
|
Batting: RHB Bobby Scholl
|
0-0: Ball 1-0: Called Strike 1-1: Ball 2-1: Ground out 6-3 (Groundball, 6D, EV 97.5 MPH)
|
Batting: LHB Ben Rubenacker
|
0-0: Ball 1-0: Ball 2-0: Called Strike 2-1: SINGLE (Groundball, 4S, EV 68.8 MPH) (infield hit)
|
Batting: RHB Sergio Godinez
|
0-0: Called Strike 0-1: Ball 1-1: Ball 2-1: Ball 3-1: 2-RUN HOME RUN (Flyball, 7D, EV 104.4 MPH), Distance : 392 ft
|
Batting: RHB Dustin Clark
|
0-0: Swinging Strike 0-1: Called Strike 0-2: Strikes out looking
|
Batting: LHB Zack Berney
|
0-0: Ball 1-0: Ground out U3 (Groundball, 34S, EV 79.4 MPH)
|
Top of the 5th over - 2 runs, 2 hits, 0 errors, 0 left on base; St. Louis 3 - Milwaukee 4 |
BOTTOM OF THE 5TH |
Milwaukee Brewers batting - Pitching for St. Louis Cardinals : RHP Geoff Mooney
|
Batting: LHB Jeff Taylor
|
0-0: Ball 1-0: Called Strike 1-1: SINGLE (Line Drive, 78S, EV 111.3 MPH)
|
Batting: SHB Jean-François Bernard
|
0-0: Called Strike 0-1: Called Strike 0-2: Grounds into double play, 4-6-3 (Groundball, 4, EV 80.0 MPH)
|
Batting: RHB Emilio Gallegos
|
0-0: Foul Ball, location: 2F 0-1: Ball 1-1: Ball 2-1: Foul Ball, location: 2F 2-2: Strikes out swinging
|
Bottom of the 5th over - 0 runs, 1 hit, 0 errors, 0 left on base; St. Louis 3 - Milwaukee 4 |
TOP OF THE 6TH |
St. Louis Cardinals batting - Pitching for Milwaukee Brewers : RHP Cody Autry
|
Batting: RHB Pavpv Ivanushkin
|
0-0: Called Strike 0-1: Ball 1-1: SOLO HOME RUN (Flyball, 7D, EV 96.9 MPH), Distance : 391 ft
|
Batting: SHB Antoine Roux
|
0-0: Ball 1-0: Foul Ball, location: 2F 1-1: Swinging Strike 1-2: Foul Ball, location: 2F 1-2: Ball 2-2: Strikes out looking
|
Batting: LHB John Blair
|
0-0: Foul Ball, location: 2F 0-1: Foul Ball, location: 2F 0-2: Ball 1-2: Ground out 1-3 (Groundball, P, EV 70.6 MPH)
|
Batting: LHB Tommy Luce
|
0-0: Called Strike 0-1: Called Strike 0-2: Ball 1-2: Foul Ball, location: 2F 1-2: Ball 2-2: Ground out 1-3 (Groundball, 34S, EV 65.0 MPH)
|
Top of the 6th over - 1 run, 1 hit, 0 errors, 0 left on base; St. Louis 4 - Milwaukee 4 |
BOTTOM OF THE 6TH |
Milwaukee Brewers batting - Pitching for St. Louis Cardinals : RHP Geoff Mooney
|
Pitching: RHP Brent Garland
|
|
Batting: LHB Jeremy Kuiper
|
0-0: Ball 1-0: Ball 2-0: Ball 3-0: Called Strike 3-1: Called Strike 3-2: Fly out, F3 (Line Drive, 3, EV 69.4 MPH)
|
Batting: RHB Yuichi Matsuoka
|
0-0: Ball 1-0: Ball 2-0: Foul Ball, location: 2F 2-1: Ball 3-1: Called Strike 3-2: Foul Ball, location: 2F 3-2: Foul Ball, location: 2F 3-2: Ground out 4-3 (Groundball, 34, EV 101.9 MPH)
|
Batting: RHB Kisho Ito
|
0-0: Foul Ball, location: 2F 0-1: Ball 1-1: Ball 2-1: Ball 3-1: Foul Ball, location: 2F 3-2: Strikes out swinging
|
Bottom of the 6th over - 0 runs, 0 hits, 0 errors, 0 left on base; St. Louis 4 - Milwaukee 4 |
TOP OF THE 7TH |
St. Louis Cardinals batting - Pitching for Milwaukee Brewers : RHP Cody Autry
|
Batting: RHB Bobby Scholl
|
0-0: Ball 1-0: Called Strike 1-1: Ball 2-1: Called Strike 2-2: Strikes out swinging, 2-3 out at first.
|
Batting: LHB Ben Rubenacker
|
0-0: Called Strike 0-1: Ball 1-1: Swinging Strike 1-2: Foul Ball, location: 2F 1-2: Fly out, F1 (Popup, 15, EV 73.8 MPH)
|
Batting: RHB Sergio Godinez
|
0-0: Ball 1-0: Called Strike 1-1: SINGLE (Groundball, 56D, EV 110.0 MPH)
|
Pitching: RHP Willie Felix
|
|
Batting: RHB Dustin Clark
|
0-0: Swinging Strike 0-1: Ball 1-1: Ball 2-1: Foul Ball, location: 2F 2-2: Strikes out swinging
|
Top of the 7th over - 0 runs, 1 hit, 0 errors, 1 left on base; St. Louis 4 - Milwaukee 4 |
BOTTOM OF THE 7TH |
Milwaukee Brewers batting - Pitching for St. Louis Cardinals : RHP Brent Garland
|
Pitching: RHP Josh Sandoval
|
|
Batting: RHB Daniel Donovan
|
0-0: Ball 1-0: Ball 2-0: Foul Ball, location: 2F 2-1: Ball 3-1: Foul Ball, location: 2F 3-2: Ground out 5-3 (Groundball, 56S, EV 86.9 MPH)
|
Batting: RHB Adrian Rudkilde
|
0-0: Called Strike 0-1: Ball 1-1: SINGLE (Line Drive, 8LS, EV 95.0 MPH)
|
Batting: RHB Bobby Muniz
|
0-0: Called Strike 0-1: Foul Ball, location: 2F 0-2: DOUBLE (Flyball, 8LXD, EV 91.3 MPH) Adrian Rudkilde to third
|
Batting: LHB Jeff Taylor
|
0-0: Called Strike 0-1: Swinging Strike 0-2: Foul Ball, location: 2F 0-2: Ball 1-2: DOUBLE (Flyball, 7LD, EV 95.6 MPH) Adrian Rudkilde scores Bobby Muniz scores
|
Batting: SHB Jean-François Bernard
|
0-0: Called Strike 0-1: Swinging Strike 0-2: Ball 1-2: Foul Ball, location: 2F 1-2: Foul Ball, location: 2F 1-2: Ground out 4-3 (Groundball, 4, EV 103.1 MPH) Jeff Taylor to third
|
Batting: RHB Emilio Gallegos
|
0-0: Foul Ball, location: 2F 0-1: SINGLE (Groundball, 56D, EV 94.4 MPH) Jeff Taylor scores
|
Pitching: RHP Josh Weinmann
|
|
Batting: LHB Jeremy Kuiper
|
0-0: Ball 1-0: Ball 2-0: Ball 3-0: Foul Ball, location: 2F 3-1: Base on Balls Emilio Gallegos to second
|
Batting: RHB Yuichi Matsuoka
|
0-0: Called Strike 0-1: Ball 1-1: Foul Ball, location: 2F 1-2: Ground out 5-3 (Groundball, 56S, EV 89.4 MPH)
|
Bottom of the 7th over - 3 runs, 4 hits, 0 errors, 2 left on base; St. Louis 4 - Milwaukee 7 |
TOP OF THE 8TH |
St. Louis Cardinals batting - Pitching for Milwaukee Brewers : RHP Willie Felix
|
Batting: LHB Zack Berney
|
0-0: Called Strike 0-1: Ball 1-1: Swinging Strike 1-2: Ball 2-2: Strikes out looking
|
Batting: RHB Pavpv Ivanushkin
|
0-0: Foul Ball, location: 2F 0-1: Ball 1-1: Foul Ball, location: 2F 1-2: Foul Ball, location: 2F 1-2: SOLO HOME RUN (Flyball, 7LD, EV 97.5 MPH), Distance : 354 ft
|
Batting: SHB Antoine Roux
|
0-0: Called Strike 0-1: Ball 1-1: Ball 2-1: Foul Ball, location: 2F 2-2: Ball 3-2: Base on Balls
|
Batting: LHB John Blair
|
0-0: Ball 1-0: Ball 2-0: Fly out, F9 (Flyball, 9, EV 78.1 MPH)
|
Batting: LHB Tommy Luce
|
0-0: Called Strike 0-1: Called Strike 0-2: Foul Ball, location: 2F 0-2: Ball 1-2: SINGLE (Groundball, 6M, EV 103.1 MPH) (infield hit) Antoine Roux to second
|
Batting: RHB Bobby Scholl
|
0-0: Ball 1-0: Swinging Strike 1-1: Foul Ball, location: 2F 1-2: Foul Ball, location: 2F 1-2: Strikes out swinging
|
Top of the 8th over - 1 run, 2 hits, 0 errors, 2 left on base; St. Louis 5 - Milwaukee 7 |
BOTTOM OF THE 8TH |
Milwaukee Brewers batting - Pitching for St. Louis Cardinals : RHP Josh Weinmann
|
Batting: RHB Kisho Ito
|
0-0: Called Strike 0-1: Ground out 5-3 (Groundball, 56S, EV 82.5 MPH)
|
Batting: RHB Daniel Donovan
|
0-0: Called Strike 0-1: Called Strike 0-2: Fly out, F8 (Line Drive, 8RM, EV 102.5 MPH)
|
Batting: RHB Adrian Rudkilde
|
0-0: Ground out 6-3 (Groundball, 6, EV 88.1 MPH)
|
Bottom of the 8th over - 0 runs, 0 hits, 0 errors, 0 left on base; St. Louis 5 - Milwaukee 7 |
TOP OF THE 9TH |
St. Louis Cardinals batting - Pitching for Milwaukee Brewers : RHP Willie Felix
|
Pitching: RHP John York
|
|
Batting: LHB Ben Rubenacker
|
0-0: Reached via error on a dropped throw from 1B, E1 (Groundball, 34, EV 98.8 MPH)
|
Batting: RHB Sergio Godinez
|
0-0: Ball 1-0: Ball 2-0: Ball 3-0: Swinging Strike 3-1: Called Strike 3-2: Strikes out looking
|
Batting: RHB Dustin Clark
|
0-0: Called Strike 0-1: Called Strike 0-2: Strikes out swinging
|
Batting: LHB Zack Berney
|
0-0: Swinging Strike 0-1: Fly out, F5 (Popup, 56, EV 81.3 MPH)
|
Top of the 9th over - 0 runs, 0 hits, 1 error, 1 left on base; St. Louis 5 - Milwaukee 7 |
|